 Dungeon Crawl Stone Soup version 0.16-a0-421-gd787d97 (webtiles) character file.

28 Kashira the Scratcher (level 3, 0/15 HPs)
             Began as a Felid Transmuter on Sept 15, 2014.
             Slain by a quasit (1 damage)
             ... on Level 2 of the Dungeon.
             The game lasted 00:04:35 (1485 turns).

Kashira the Scratcher (Felid Transmuter)            Turns: 1485, Time: 00:04:35

HP   0/15        AC  1     Str  6      XL: 3   Next:  0%
MP   5/8         EV 17     Int 15      God:
Gold 76          SH  0     Dex 12 (16) Spells:  2 memorised,  4 levels left
Lives: 0, deaths: 0

rFire  + . .     SeeInvis +     b - 26 arrows
rCold  x . .     Clarity  .     (armour unavailable)
rNeg   . . .     rCorr    .     (shield unavailable)
rPois  .         rRot     .     (helmet unavailable)
rElec  .         Spirit   .     (cloak unavailable)
SustAb .         Warding  .     (gloves unavailable)
rMut   .         Stasis   .     (boots unavailable)
Gourm  .                        (no amulet)
MR     .....                    (no ring)
                                n - ring of fire

@: very slightly contaminated, quick, not resistant to hostile enchantments,
unstealthy
A: paw claws, no armour, no weapons or thrown items, fangs 3, see invisible,
carnivore 3, speed 1, shaggy fur 1, slow metabolism 1, jump 1
a: Jump Attack


You were on level 2 of the Dungeon.
You were not hungry.

You visited 1 branch of the dungeon, and saw 3 of its levels.

You collected 76 gold pieces.

Inventory:

Missiles
 b - 26 arrows (in mouth)
Comestibles
 a - 4 meat rations
 o - a beef jerky
Scrolls
 c - 2 scrolls of identify
 e - a scroll of teleportation
 g - a scroll of immolation {unknown}
 h - a scroll of noise {unknown}
 j - a scroll of remove curse {unknown}
 m - a scroll of enchant armour {unknown}
 p - a scroll of recharging {unknown}
Jewellery
 n - a ring of fire (left paw)
Potions
 f - a potion of curing
 i - a potion of brilliance {unknown}
 k - a potion of agility {unknown}
 l - a potion of heal wounds {unknown}
 q - a potion of invisibility {unknown}
Books
 d - a book of Changes

   Spells                             Type                      Level
   *Beastly Appendage                 Transmutation                1
   *Sticks to Snakes                  Transmutation                2
   Spider Form                        Transmutation/Poison         3
   Ice Form                           Ice/Transmutation            4
   Blade Hands                        Transmutation                5


   Skills:
 + Level 1.2 Fighting
 + Level 2.8 Dodging
 + Level 3.3 Unarmed Combat
 + Level 2.6 Spellcasting
 + Level 2.5 Transmutations


You had 4 spell levels left.
You knew the following spells:

 Your Spells              Type           Power        Failure   Level  Hunger
a - Beastly Appendage     Trmt           #.....       10%         1    #......
b - Sticks to Snakes      Trmt           #.........   12%         2    ##.....


Dungeon Overview and Level Annotations

Branches:
Dungeon (3/15)

Altars:
Dithmenos


Innate Abilities, Weirdness & Mutations

You cannot wear armour.
You are incapable of wielding weapons or throwing items.
Your paws have sharp claws.
You have razor-sharp teeth.
You have supernaturally acute eyesight.
You are carnivorous and can eat meat at any time.
You cover ground quickly.
You are covered in fur (AC +1).
You have a slow metabolism.
You can jump attack at a short distance.


Message History

The quasit closely misses you. The quasit claws you.
You feel clumsy. The quasit claws you.
* * * LOW HITPOINT WARNING * * *
You feel clumsy.
Your horns disappear.
Use which ability? (? or * to list)
Okay, then.
Wield which item (- for none, * to show all)? (? for menu, Esc to quit)
b - 27 arrows (in mouth)
The quasit barely misses you. x2
The quasit claws you.
* * * LOW HITPOINT WARNING * * *
You feel clumsy.
Casting: Beastly Appendage
Confirm with . or Enter, or press ? or * to list all spells.
You create a snake!
The quasit bites you.
* * * LOW HITPOINT WARNING * * *
The quasit claws you.
You die...

.(....###.# #.###..# #.# #
.......#..###......# #.# #
###......#.........###.# #
###...#.##.......#.....# #
......#.##>........######## #
###.....##................# #
###......#........#######.# #
...%............S########.#######
.#######.#....<<@5.........(.....
(# #.####.###########.####### .#
#.# #.# #.# .# #.# #.# #.## .#
#.# #.# #..# .# #.# #.# ##.# .#
#####.####.### #>#
.###............####### #.#
.#.....(.####.#.......# #.#


You could see a quasit and a friendly ball python.

Vanquished Creatures
  An adder (D:2)
  3 bats
  4 goblins
  4 hobgoblins (D:1)
  A ball python (D:2)
  A giant newt (D:1)
  3 kobolds
  A rat (D:2)
18 creatures vanquished.

Vanquished Creatures (collateral kills)
  A ball python (D:1)
  A hobgoblin (D:2)
  A giant newt (D:1)
3 creatures vanquished.

Vanquished Creatures (others)
  A bat (D:1)
1 creature vanquished.

Grand Total: 22 creatures vanquished

Notes
Turn   | Place    | Note
--------------------------------------------------------------
     0 | D:1      | Kashira, the Felid Transmuter, began the quest for the Orb.
     0 | D:1      | Reached XP level 1. HP: 9/9 MP: 4/4
    83 | D:1      | Reached XP level 2. HP: 12/12 MP: 3/5
    87 | D:1      | Learned a level 2 spell: Sticks to Snakes
  1366 | D:2      | Found a shadowy altar of Dithmenos.
  1467 | D:3      | Reached XP level 3. HP: 11/15 MP: 5/8
  1485 | D:2      | Slain by a quasit

Action                   || total
-------------------------++-------
Melee: Unarmed           ||    47
 Cast: Beastly Appendage ||    14
       Sticks to Snakes  ||     8
 Abil: Jump Attack       ||     5
  Use: Scroll            ||     2
  Eat: Chunk             ||     1
